 Dungeon Crawl Stone Soup version 0.20.1-1-g8b1a95d (webtiles) character file.

184 LittleSunflower the Skirmisher (level 5, 0/57 HPs)
             Began as an Ogre Monk on Aug 20, 2017.
             Succumbed to a worker ant's poison
             ... on level 3 of the Dungeon.
             The game lasted 00:06:28 (3555 turns).

LittleSunflower the Skirmisher (Ogre Monk)          Turns: 3555, Time: 00:06:29

Health: 0/57       AC:  3    Str: 15    XL:     5   Next: 63%
Magic:  5/5        EV: 11    Int: 11    God:
Gold:   103        SH:  0    Dex: 12    Spells: 4/4 levels left

rFire    . . .     SeeInvis .   a - +0 spear
rCold    . . .     Gourm    .   (no shield)
rNeg     . . .     Faith    .   b - +0 robe
rPois    .         Spirit   .   (helmet restricted)
rElec    .         Reflect  .   (no cloak)
rCorr    .         Harm     .   (gloves unavailable)
MR       .....                  (boots unavailable)
Stlth    ++........             (no amulet)
Regen    0.2/turn               (no ring)
MPRegen  0.1/turn               (no ring)

@: lethally poisoned (0 -> -10)
A: unfitting armour, tough skin 1
a: no special abilities


You were on level 3 of the Dungeon.
You were hungry.

You visited 1 branch of the dungeon, and saw 3 of its levels.

You collected 103 gold pieces.

Inventory:

Hand Weapons
 a - a +0 spear (weapon)
Missiles
 s - 2 javelins (quivered)
Armour
 b - a +0 robe (worn)
Scrolls
 d - a scroll of enchant armour {unknown}
 g - a scroll of magic mapping {unknown}
 j - a scroll of amnesia {unknown}
 k - 4 scrolls of remove curse {unknown}
 l - a scroll of random uselessness {unknown}
 n - a scroll of fear {unknown}
 o - a scroll of recharging {unknown}
 p - 2 scrolls of identify {unknown}
 t - a scroll of teleportation {unknown}
 v - a scroll of immolation {unknown}
Potions
 e - 4 potions of might {unknown}
 h - a potion of magic {unknown}
 i - a potion of lignification {unknown}
 m - 2 potions of curing {unknown}
 r - a potion of heal wounds {unknown}
 u - a potion of ambrosia {unknown}
Comestibles
 c - 2 bread rations
 f - 2 meat rations
 q - a royal jelly


   Skills:
 + Level 5.2 Fighting
 + Level 4.2 Polearms
 + Level 1.7 Armour
 + Level 3.5 Dodging
 - Level 1.4 Stealth


You had 4 spell levels left.
You didn't know any spells.

Dungeon Overview and Level Annotations

Branches:
Dungeon (3/15)

Altars:
Ru
Yredelemnul


Innate Abilities, Weirdness & Mutations

You are too large for most types of armour.
You have tough skin. (AC +1)


Message History

* * * LOW HITPOINT WARNING * * *
You feel sick. The worker ant bites you.
* * * LOW HITPOINT WARNING * * *
You hit the worker ant but do no damage.
The worker ant is almost dead.
* * * LOW HITPOINT WARNING * * *
You feel sick. The worker ant bites you.
* * * LOW HITPOINT WARNING * * *
You hit the worker ant but do no damage.
The worker ant is almost dead.
* * * LOW HITPOINT WARNING * * *
You feel sick. The worker ant bites you.
* * * LOW HITPOINT WARNING * * *
You closely miss the worker ant.
The worker ant is almost dead.
* * * LOW HITPOINT WARNING * * *
You feel sick. The worker ant misses you.
You hit the worker ant but do no damage.
The worker ant is almost dead.
You die...

#.......#.######.
#>...............
#....)..#.#######
#.......#.#######
#.......#.#......
#...........#####
#############.##....###
#...................#
#....#####@.........#
#....# #.a........#
###### #..........#
............
#....####.##. #....#
#.# # #....# # #....#


You could see a worker ant.

Vanquished Creatures
  An orc priest (D:3)
  Terence (D:2)
  4 adders (D:2)
  An ooze (D:3)
  A worm (D:2)
  3 dart slugs
  A leopard gecko (D:3)
  3 orcs
  3 giant cockroaches
  11 goblins
  5 hobgoblins
  11 jackals
  9 kobolds
  2 ball pythons
  7 bats
  2 frilled lizards
  4 rats
69 creatures vanquished.

Notes
Turn   | Place    | Note
-------+----------+-------------------------------------------
     0 | D:1      | LittleSunflower the Ogre Monk began the quest for the Orb.
     0 | D:1      | Reached XP level 1. HP: 24/24 MP: 1/1
   153 | D:1      | Reached XP level 2. HP: 30/32 MP: 2/2
   642 | D:1      | Reached XP level 3. HP: 23/39 MP: 3/3
   842 | D:1      | Reached skill level 1 in Armour
  1366 | D:2      | Found a sacrificial altar of Ru.
  1463 | D:2      | Reached XP level 4. HP: 49/49 MP: 4/4
  2388 | D:2      | Noticed Terence
  2422 | D:2      | Killed Terence
  2568 | D:2      | Reached XP level 5. HP: 43/55 MP: 5/5
  2770 | D:3      | Reached skill level 5 in Fighting
  3293 | D:3      | Found a basalt altar of Yredelemnul.
  3553 | D:3      | HP: 2/57 [worker ant (2)]
  3555 | D:3      | Succumbed to a worker ant's poison

Skill      XL: |  1  2  3  4  5 |
---------------+----------------+-----
Dodging        | 3 |  3.5
Armour         | 1 |  1.7
Polearms       | 4 |  4.2
Fighting       | 5 |  5.2
Stealth        | |  1.4

Action                   |  1- 3 |  4- 6 || total
-------------------------+-------+-------++-------
Melee: Spear             |   153 |   227 ||   380
 Stab: Sleeping          |     1 |     2 ||     3
  Eat: Chunk             |     2 |     6 ||     8
Armor: Robe              |    35 |    24 ||    59
Dodge: Dodged            |    67 |    85 ||   152
